 Dungeon Crawl Stone Soup version 0.30-a0-591-g3c58d2bc28 (webtiles) character file.

Game seed: 1551044041755665069

338 OTABOTABOTAB the Changer (level 6, -18/38 HPs)
             Began as an Octopode Transmuter on Jan 5, 2023.
             Demolished by an ogre
             ... wielding a +0 giant spiked club
              (30 damage)
             ... on level 4 of the Dungeon.
             The game lasted 00:05:59 (2875 turns).

OTABOTABOTAB the Changer (Octopode Transmuter)      Turns: 2875, Time: 00:06:00

Health: -18/38     AC:  2    Str: 10    XL:     6   Next: 55%
Magic:  7/9        EV: 19    Int: 17    God:
Gold:   153        SH:  0    Dex: 17    Spells: 3/9 levels left

rFire   . . .      SeeInvis .      - Unarmed
rCold   . . .      Faith    .    (shield currently unavailable)
rNeg    . . .      Spirit   .    (helmet currently unavailable)
rPois   x          Reflect  .    (no amulet)
rElec   .          Harm     .    (no ring)
rCorr   .          Rampage  .    (no ring)
Will    .....                    (no ring)
Stlth   ++                       (no ring)
HPRegen 0.26/turn                (no ring)
MPRegen 0.11/turn                (no ring)
                                 (no ring)
                                 (no ring)

@: spider-form (expiring)
A: venomous fangs, almost no armour, (amphibious), 8 rings, tiny, (camouflage
1), (gelatinous body 1), (nimble swimmer 1), (tentacles)
a: End Transformation


You were on level 4 of the Dungeon.
You were a venomous arachnid creature.
You visited 1 branch of the dungeon, and saw 4 of its levels.

You collected 153 gold pieces.

Inventory:

Missiles
 a - 2 boomerangs
 b - 10 javelins
 s - 23 stones
Magical Staves
 e - a staff of fire {rF+}
   (You found it on level 2 of the Dungeon)
Wands
 h - a wand of acid (12)
   (You found it on level 2 of the Dungeon)
Scrolls
 c - a scroll of poison {!r}
 d - a scroll of amnesia
 X - a scroll of magic mapping {@r4!r}
Potions
 i - a potion of heal wounds {unknown}
 I - a potion of invisibility
 J - a potion of curing {@q1}
 L - a potion of flight
 P - a potion of lignification {!q}


   Skills:
 - Level 1.5 Fighting
 - Level 2.4 Dodging
 - Level 3.3 Unarmed Combat
 - Level 2.0 Spellcasting
 + Level 5.1 Transmutations
 + Level 1.8 Ice Magic
 - Level 3.0 Poison Magic


You had 3 spell levels left.
You knew the following spells:

 Your Spells              Type           Power      Damage    Failure   Level
a - Beastly Appendage     Tmut           38%        N/A       9%          1
b - Wereblood             Tmut           19%        N/A       12%         2
c - Spider Form           Tmut/Pois      15%        N/A       26%         3

Your spell library contained the following spells:

 Spells                   Type           Power      Damage    Failure   Level
 Gell's Gravitas          Tloc           1%         N/A       71%         3
 Lesser Beckoning         Tloc           2%         N/A       71%         3
 Teleport Other           Tloc           1%         N/A       71%         3
 Ice Form                 Ice/Tmut       13%        N/A       63%         4


Dungeon Overview and Level Annotations

Branches:
Dungeon (4/15)
 Temple: D:4-7

Altars:
Makhleb


Innate Abilities, Weirdness & Mutations

You are a venomous arachnid creature.
You have poisonous fangs.
You are tiny and dextrous.
Your spellcasting is less reliable in this form.
Your armour is entirely melded.
You are incapable of wielding weapons or throwing items.
You cannot wear most types of armour.
((You are amphibious.))
You can wear up to eight rings at the same time.
((Your skin changes colour to match your surroundings (Stealth+).))
((Your rubbery body absorbs attacks. (AC +1, EV +1)))
((You are camouflaged when in or above water. (Stealth+)))
((You have tentacles for arms and can constrict up to eight enemies at once.))


Message History

Unknown command.
You tentacle-slap the worm.
You pierce the worm.
You kill the worm!
No target in view!
No target in view!
Your tentacle spike disappears.
j - a scroll of identify {@r1} MP restored: 9 You now have 153 gold pieces (gained 4).
As you read the scroll of identify {@r1}, it crumbles to dust.
f - a potion of curing;
J - a potion of curing
As you read the scroll labelled LAHAMA DEGE, it crumbles to dust.
You feel strangely unstable.
It was a scroll of teleportation.
You start waiting.
Your surroundings suddenly seem different.
You start waiting.
Done waiting.
Done exploring.
Done exploring.
Done exploring.
Done exploring.
Done exploring.
Done exploring.
Done exploring.
(D) Dungeon
Where to? (Enter - D:3, ? - help)
There is a stone staircase leading down here.
You climb downwards.
There is a stone staircase leading up here.
There are monsters nearby!
You climb upwards.
There is a stone staircase leading down here.
There is a stone staircase leading down here.
You climb downwards.
There is a stone staircase leading up here.
You turn into a venomous arachnid creature.
The gnoll shouts!
The gnoll barely misses you.
You now have 6/9 mp.
You hit the gnoll.
The gnoll is poisoned.
The gnoll hits you with a +0 club. The gnoll misses you.
You take 6 damage, and have 32/38 hp.
You hit the gnoll but do no damage.
The gnoll looks as sick as possible!
The gnoll hits you from afar with a +0 halberd!
The gnoll barely misses you. The gnoll misses you.
You take 16 damage, and have 16/38 hp.
MASSIVE DAMAGE!!
The gnoll misses you. The gnoll closely misses you. x2
You climb upwards.
There is a stone staircase leading down here.
You hit the gnoll but do no damage.
The gnoll looks as sick as possible!
The gnoll completely misses you.
You hit the gnoll but do no damage.
The gnoll looks as sick as possible!
The gnoll hits you with a +0 club.
You take 5 damage, and have 12/38 hp.
You hit the gnoll.
You kill the gnoll!
Your transformation has ended.
You start resting.
Health restored: 38; MP restored: 9 You start waiting.
Done waiting.
There is a stone staircase leading down here.
You climb downwards.
There is a stone staircase leading up here.
The goblin shouts!
You hear an angry hiss.
A ball python comes into view.
The goblin unwields a +0 dagger.
The goblin wields a +0 sling.
The goblin shoots a sling bullet.
The sling bullet misses you.
You hear an angry hiss.
The goblin shoots a sling bullet.
The sling bullet barely misses you.
An ogre comes into view. It is wielding a +0 giant spiked club.
The goblin shoots a sling bullet.
The sling bullet closely misses you.
The goblin shoots a sling bullet.
The sling bullet hits you.
You take 5 damage, and have 33/38 hp.
The goblin shoots a sling bullet.
The sling bullet hits you.
You hear an angry hiss.
You take 2 damage, and have 31/38 hp.
You turn into a venomous arachnid creature.
You now have 6/9 mp.
The goblin unwields a +0 sling.
The goblin wields a +0 dagger.
The goblin completely misses you.
You bite the goblin!
You kill the goblin!
The ogre hits you with a +0 giant spiked club!!
Ouch! That really hurt!
* * * LOW HITPOINT WARNING * * *
Things that are here:
a +0 dagger; a +0 sling; a goblin corpse You take 22 damage, and have 11/38 hp.
MASSIVE DAMAGE!!
You hit the ogre but do no damage.
The ogre is poisoned.
You hit the ogre.
The ogre looks as sick as possible!
The ogre closely misses you.
Your transformation is almost over.
The ogre attacks as you move away!
The ogre hits you with a +0 giant spiked club!!
Ouch! That really hurt!
You die...

..###.#...#.
.....##.##.
..#......(.
....g#.#..
#..#.#S#.#
##
#....###..
.##
#.........
#.####<#
##s##...# #
#..O)##.#
#..##.####.#
###...# ...
###.# ..#.
### #.. #
#.# ##


You could see an ogre (extremely poisoned).

Vanquished Creatures
  Sigmund (D:2)
  3 iron imps (D:3)
  3 adders
  A gnoll (D:3)
  3 worms
  2 dart slugs (D:1)
  3 orcs (D:3)
  A ball python (D:1)
  2 endoplasms
  2 giant cockroaches (D:1)
  9 goblins
  4 hobgoblins
  4 jackals
  4 kobolds
  2 quokkas
  2 bats
  2 frilled lizards (D:1)
  3 rats
51 creatures vanquished.

Notes
Turn   | Place    | Note
-------+----------+-------------------------------------------
     0 | D:1      | OTABOTABOTAB the Octopode Transmuter began the quest for
                  | the Orb.
     0 | D:1      | Reached XP level 1. HP: 13/13 MP: 3/3
   251 | D:1      | Reached XP level 2. HP: 18/18 MP: 3/5
   319 | D:1      | Found a faded altar of an unknown god.
   626 | D:1      | Reached XP level 3. HP: 23/23 MP: 4/6
   631 | D:1      | Learned a level 2 spell: Wereblood
   635 | D:1      | Learned a level 3 spell: Spider Form
   860 | D:2      | Noticed Sigmund
   882 | D:2      | Killed Sigmund
   882 | D:2      | HP: 4/23 [adder (2)]
   883 | D:2      | Reached skill level 4 in Transmutations
   883 | D:2      | Reached skill level 3 in Poison Magic
   883 | D:2      | Reached XP level 4. HP: 6/28 MP: 1/7
   883 | D:2      | Reached XP level 5. HP: 7/33 MP: 1/8
   884 | D:2      | HP: 1/33 [poisoned by an adder]
   889 | D:2      | HP: 5/33 [poisoned by an adder]
  1930 | D:3      | Found a burning altar of Makhleb.
  1970 | D:3      | Reached XP level 6. HP: 28/38 MP: 6/9
  2028 | D:3      | Reached skill level 1 in Ice Magic
  2129 | D:3      | Reached skill level 5 in Transmutations
  2875 | D:4      | Demolished by an ogre

Illustrated notes

Levels and vault maps discovered:
D:1:      dpeg_arrival_rooms_c, layout_loops_cross,
          ebering_ecumenical_altar_sacrificial, minmay_stone_trees_small,
          minmay_crystal_room
D:2:      layout_loops_ring, uniq_sigmund
D:3:      layout_rooms, demons_altar
D:4:      layout_layer_cave, elyvilon_altar_5, cheibrodos_ashenzari_chains,
          temple_doors_cd, abandoned_shop, minmay_fractal_squares_5

Skill      XL: |  1  2  3  4  5  6 |
---------------+-------------------+-----
Transmutations | 4 5 |  5.1
Poison Magic   | 3 |  3.0
Ice Magic      | 1 |  1.8
Fighting       | |  1.5
Dodging        | |  2.4
Unarmed Combat | |  3.3
Spellcasting   | |  2.0

Action                   |  1- 3 |  4- 6 || total
-------------------------+-------+-------++-------
Melee: Unarmed           |    53 |    74 ||   127
       Constrict         |    15 |     8 ||    23
       Kick              |    12 |     9 ||    21
       Tentacles         |     8 |     4 ||    12
       Punch             |     1 |       ||     1
Throw: Stone             |     3 |       ||     3
 Cast: Beastly Appendage |    17 |     9 ||    26
       Spider Form       |     2 |     8 ||    10
       Wereblood         |       |     1 ||     1
 Abil: End Transformatio |    15 |    15 ||    30
  Use: Potion            |       |     2 ||     2
       Scroll            |       |     7 ||     7
 Stab: Sleeping          |     1 |     1 ||     2
       Invisible         |       |     1 ||     1
Armor: Skin              |     3 |     1 ||     4
Dodge: Dodged            |    26 |    51 ||    77

Table legend: (Time is in decaauts)
 A = Elapsed time spent in this place.
 B = Non-inter-level travel time spent in this place.
 C = Inter-level travel time spent in this place.
 D = Time resting spent in this place.
 E = Time spent auto-exploring this place.
 F = Levels seen in this place.
 G = Mean time per level.
                   A        B        C        D        E       F      G
               +--------+--------+--------+--------+--------+-----+--------+
         Total |   2867 |   2772 |     95 |    606 |   1674 |   4 |  716.8 |
       Dungeon |   2867 |   2772 |     95 |    606 |   1674 |   4 |  716.8 |
               +--------+--------+--------+--------+--------+-----+--------+

Top non-repeatable levels by time:
     D:3: 1103 daAuts
     D:2: 879 daAuts
     D:1: 856 daAuts
     D:4: 26 daAuts

Table legend:
 A = Kills in this place as a percentage of kills in entire the game.
 B = Kills by you in this place as a percentage of kills by you in the entire game.
 C = Kills by friends in this place as a percentage of kills by friends in the entire game.
 D = Other kills in this place as a percentage of other kills in the entire game.
 E = Experience gained in this place as a percentage of experience gained in the entire game.
 F = Experience gained in this place divided by the number of levels of this place that you have seen.
                   A       B       C       D       E      F
               +-------+-------+-------+-------+-------+----------------------
         Total | 100.0 | 100.0 |   N/A |   N/A | 100.0 | 121.0
       Dungeon | 100.0 | 100.0 |   N/A |   N/A | 100.0 | 121.0
               +-------+-------+-------+-------+-------+----------------------
